AoeStats
← anil44

Black Forest

510179782Analyzed
3v3 RM · 1d ago on Sep 29, 2026· 75m 9s· 6 players
Game mode
Random Map
Map size
Normal (6 player)
Population
200
Speed
Normal
Resources
Standard
Victory
Conquest
Starting age
Dark Age
Ending age
Imperial Age
RankedLock teamsTeams togetherTeam positionsShared explorationLock speedFull tech treeHidden civsTurbo modeCheats
Victory
Defeat
🇩🇪 Persians · Germany
932
+6
🇩🇪 Mongols · Germany
847
+8
🇬🇧 Huns · United Kingdom
593
+22
🇯🇴 Burgundians · Jordan
675
-12
🇭🇷 Romans · Croatia
645
-10
🇺🇿 Teutons · Uzbekistan
619
-9
Lanyco
1:16 Loom
15:07 Feudal Age
16:00 Double-Bit Axe
15:58 Horse Collar
16:12 Gold Mining
16:21 Stone Mining
24:58 Castle Age
25:09 Wheelbarrow
24:20 Town Watch
27:21 Caravan
27:42 Bow Saw
33:45 Imperial Age
32:44 Heavy Plow
34:35 Gold Shaft Mining
35:05 Hand Cart
34:53 Town Patrol
35:20 Comitatenses
35:31 Fortified Wall
35:44 Masonry
37:23 Elite Centurion
38:23 Forging
40:47 Crop Rotation
42:33 Scale Barding Armor
43:23 Iron Casting
43:50 Chain Barding Armor
46:17 Blast Furnace
47:44 Plate Barding Armor
47:45 Architecture
47:15 Murder Holes
47:46 Ballistics
48:28 Chemistry
47:25 Fletching
49:32 Bodkin Arrow
Shehadeh almaqdesy
1:21 Wheelbarrow
0:31 Loom
15:14 Double-Bit Axe
18:02 Feudal Age
16:41 Gold Mining
17:52 Horse Collar
19:03 Hand Cart
19:03 Bow Saw
19:08 Heavy Plow
20:37 Gold Shaft Mining
19:51 Fishing Lines
20:22 Stone Mining
23:14 Stone Shaft Mining
22:34 Gillnets
26:54 Castle Age
25:14 Caravan
29:03 Fervor
30:42 Crop Rotation
31:13 Two-Man Saw
33:54 Forging
33:49 Scale Barding Armor
37:19 Imperial Age
35:04 Burgundian Vineyards
38:55 Conscription
39:40 Chemistry
39:22 Iron Casting
39:07 Chain Barding Armor
39:05 Treadmill Crane
39:21 Murder Holes
39:50 Town Watch
39:31 Light Cavalry
39:31 Cavalier
40:40 Town Patrol
40:15 Hussar
40:55 Husbandry
43:05 Blast Furnace
42:40 Plate Barding Armor
42:07 Padded Archer Armor
42:02 Paladin
Aziz
6:41 Loom
11:06 Feudal Age
12:45 Wheelbarrow
12:04 Double-Bit Axe
12:02 Horse Collar
17:42 Gold Mining
19:09 Arson
22:45 Town Watch
26:14 Castle Age
25:10 Scale Barding Armor
25:28 Forging
27:22 Hand Cart
27:54 Bow Saw
28:28 Caravan
28:57 Heavy Plow
28:52 Stone Mining
31:14 Town Patrol
31:46 Chain Barding Armor
32:02 Iron Casting
31:51 Bloodlines
33:36 Stone Shaft Mining
35:18 Town Patrol
39:28 Imperial Age
39:53 Guard Tower
40:17 Fortified Wall
40:19 Masonry
40:05 Guard Tower
41:01 Plate Barding Armor
41:26 Blast Furnace
39:52 Cavalier
42:58 Guilds
43:23 Coinage
44:22 Paladin
45:56 Conscription
46:16 Hoardings
46:07 Crenellations
48:46 Two-Man Saw
49:09 Fletching
52:48 Bodkin Arrow
63:44 Elite Teutonic Knight
66:08 Scale Mail Armor
04
7:39 Loom
10:26 Feudal Age
11:30 Double-Bit Axe
12:10 Horse Collar
18:45 Castle Age
16:47 Gold Mining
16:48 Stone Mining
17:57 Wheelbarrow
20:05 Bow Saw
20:25 Heavy Plow
22:13 Stone Shaft Mining
25:07 Hand Cart
28:21 Town Watch
31:38 Imperial Age
29:50 Gold Shaft Mining
29:32 Forging
29:32 Scale Mail Armor
29:38 Scale Barding Armor
30:38 Ballistics
30:45 Town Patrol
33:10 Crop Rotation
33:53 Two-Man Saw
34:01 Chemistry
33:46 Iron Casting
33:27 Chain Mail Armor
33:33 Chain Barding Armor
33:04 Fletching
33:14 Padded Archer Armor
34:31 Husbandry
34:06 Cavalier
35:02 Bloodlines
35:56 Blast Furnace
35:37 Arson
35:54 Squires
35:36 Savar
36:06 Onager
36:17 Capped Ram
38:06 Citadels
38:55 Siege Ram
39:50 Elite Skirmisher
40:38 Thumb Ring
42:05 Bodkin Arrow
42:26 Leather Archer Armor
42:41 Plate Mail Armor
42:46 Plate Barding Armor
43:11 Light Cavalry
44:26 Ring Archer Armor
48:40 Pikeman
49:32 Halberdier
anil44
4:52 Loom
13:49 Feudal Age
14:22 Double-Bit Axe
15:01 Town Watch
17:08 Wheelbarrow
17:03 Horse Collar
18:45 Gold Mining
22:18 Man-at-Arms
29:06 Castle Age
28:44 Bloodlines
29:43 Pikeman
29:46 Long Swordsman
30:28 Squires
29:53 Elite Skirmisher
30:47 Husbandry
31:40 Thumb Ring
31:35 Light Cavalry
34:01 Town Patrol
35:04 Crossbowman
36:38 Heavy Plow
38:48 Padded Archer Armor
38:40 Fletching
38:52 Scale Mail Armor
38:58 Scale Barding Armor
39:04 Forging
41:54 Bow Saw
45:11 Imperial Age
45:34 Cavalier
47:26 Parthian Tactics
47:17 Heavy Cavalry Archer
48:53 Two-Handed Swordsman
51:12 Bodkin Arrow
52:17 Paladin
57:14 Chain Mail Armor
59:00 Hand Cart
62:21 Halberdier
62:38 Halberdier
68:36 Iron Casting
68:22 Chain Barding Armor
68:18 Leather Archer Armor
68:04 Bracer
71:26 Plate Barding Armor
71:52 Blast Furnace
72:40 Two-Man Saw
73:33 Gold Shaft Mining
73:06 Atonement
73:18 Fervor
73:35 Illumination
73:12 Devotion
73:34 Sanctity
74:00 Careening
74:12 Ballistics
74:54 Chemistry
74:07 Masonry
74:09 Clinker Construction
74:15 Murder Holes
75:34 Dry Dock
Bombardiro Croccodilo
8:37 Loom
11:05 Feudal Age
12:47 Double-Bit Axe
12:48 Horse Collar
15:44 Castle Age
14:37 Gold Mining
14:39 Stone Mining
16:58 Bow Saw
24:04 Gold Shaft Mining
25:36 Stone Shaft Mining
26:29 Padded Archer Armor
26:20 Fletching
26:39 Scale Barding Armor
27:53 Town Watch
28:43 Wheelbarrow
28:28 Bodkin Arrow
28:49 Leather Archer Armor
32:19 Imperial Age
30:39 Ballistics
30:42 Chain Barding Armor
30:22 Scale Mail Armor
30:32 Forging
30:42 Town Patrol
30:54 Heavy Plow
31:33 Hand Cart
34:01 Chemistry
34:18 Bracer
34:53 Iron Casting
34:34 Chain Mail Armor
33:59 Onager
34:05 Elite Mangudai
35:06 Conscription
34:50 Nomads
34:18 Pikeman
34:58 Squires
34:44 Arson
35:41 Siege Onager
35:59 Elite Skirmisher
37:40 Bloodlines
37:32 Husbandry
37:42 Light Cavalry
40:39 Coinage
40:11 Caravan
39:46 Elite Steppe Lancer
44:05 Hussar
46:59 Plate Mail Armor
47:29 Blast Furnace
50:30 Capped Ram
54:46 Drill
54:25 Siege Ram
Connection lost

Rejoining the realm…

Still unreachable

The connection could not be restored.

Session expired

The server has moved on; the page needs a fresh start.